 Dungeon Crawl Stone Soup version 0.30.0-29-ga12c61a403 (webtiles) character file.

Game seed: 3105861857488331533

128982 wingedge the Fighter (level 16, -17/137 HPs)
             Began as a Demigod Wanderer on June 19, 2023.
             Collided with a rock wall (29 damage)
             ... caused by an elemental wellspring
             ... on level 2 of the Shoals on June 20, 2023.
             The game lasted 05:20:45 (47793 turns).

wingedge the Fighter (Demigod Wanderer)            Turns: 47793, Time: 05:20:46

Health: -17/137    AC: 16    Str: 18    XL:     16   Next: 2%
Magic:  21/35      EV: 12    Int: 36    God:
Gold:   884        SH: 18    Dex: 12    Spells: 1/36 levels left

rFire   + . .        a - +4 eveningstar (freeze)
rCold   + + .        U - +3 kite shield {rC+}
rNeg    . . .        O - +2 robe {rC+ rF+}
rPois   +            B - +2 hat {Will+}
rElec   .            J - +2 cloak {Will+}
rCorr   .            t - +2 pair of gloves {infuse}
SInv    .            n - +2 pair of boots {Fly}
Will    +++..        G - amulet of reflection
Stlth   ++           m - +6 ring of strength
HPRegen 0.42/turn    L - ring of poison resistance
MPRegen 0.24/turn

%: reflection, infuse magic (1 MP)
@: about to teleport, engulfed (cannot breathe), flying, slightly contaminated
A: high MP 1, forlorn, divine attributes
a: no special abilities


You were on level 2 of the Shoals.
You visited 5 branches of the dungeon, and saw 25 of its levels.
You visited the Abyss 1 time.
You also visited: Bailey, Gauntlet and Ice Cave.

You collected 2696 gold pieces.
You spent 1812 gold pieces at shops.

Inventory:

Hand Weapons
 a - a +4 eveningstar of freezing (weapon)
Missiles
 e - 8 throwing nets
Armour
 n - a +2 pair of boots of flying (worn)
 p - the +3 pair of boots "Jimnafo" {rC+}
   (You found it in a Gauntlet)

   rC:        It protects you from cold.
 t - a +2 pair of gloves of infusion (worn)
 B - a +2 hat of willpower (worn)
 F - a +2 helmet of intelligence
 J - a +2 cloak of willpower (worn)
 O - a +2 robe of resistance (worn)
 U - a +3 kite shield of cold resistance (worn)
Magical Staves
 r - a staff of air
Jewellery
 f - a ring of flight
 m - a +6 ring of strength (left hand)
 s - a ring of see invisible
 E - an amulet of regeneration
 G - an amulet of reflection (around neck)
 H - a ring of positive energy
 L - a ring of poison resistance (right hand)
 X - a ring of resist corrosion
Wands
 c - a wand of roots (8)
 d - a wand of digging (14)
 o - a wand of quicksilver (4)
 w - a wand of polymorph (15)
Scrolls
 b - a scroll of enchant armour
 g - 2 scrolls of fog
 i - 10 scrolls of identify
 u - 2 scrolls of magic mapping
 C - 6 scrolls of teleportation
 I - 4 scrolls of summoning
 K - a scroll of vulnerability
 N - 3 scrolls of poison
 W - a scroll of blinking
 Y - 2 scrolls of fear
Potions
 h - 4 potions of ambrosia
 j - 2 potions of cancellation
 k - 5 potions of curing
 l - 2 potions of berserk rage
 q - 2 potions of invisibility
 v - a potion of heal wounds
 x - 4 potions of haste
 z - 9 potions of mutation
 A - 6 potions of magic
 D - 5 potions of brilliance
 M - 3 potions of resistance
 Q - 2 potions of might
Miscellaneous
 y - a phial of floods
 P - a tin of tremorstones (1/2)
 T - a phantom mirror (quivered)
 V - a box of beasts


   Skills:
 - Level 11.0 Fighting
 - Level 4.0(7.2) Axes
 + Level 8.9(9.3) Maces & Flails
 - Level 3.0(4.0) Polearms
 - Level 3.6 Ranged Weapons
 - Level 5.0 Armour
 + Level 4.1 Dodging
 - Level 4.0 Stealth
 - Level 7.0 Shields
 + Level 10.7 Spellcasting
 - Level 7.0 Conjurations
 - Level 10.0 Hexes
 - Level 7.0 Summonings
 - Level 7.0 Necromancy
 - Level 7.0 Transmutations
 - Level 6.0 Ice Magic
 - Level 3.0 Earth Magic
 - Level 3.0 Evocations


You had one spell level left.
You knew the following spells:

 Your Spells              Type           Power      Damage    Failure   Level
a - Necrotise             Necr           100%       1d9       1%          1
b - Vampiric Draining     Necr           62%        2d10      1%          3
c - Tukima's Dance        Hex            74%        N/A       1%          3
d - Slow                  Hex            100%       N/A       1%          1
e - Confusing Touch       Hex            74%        N/A       1%          3
f - Summon Ice Beast      Ice/Summ       60%        N/A       3%          4
g - Summon Mana Viper     Hex/Summ       69%        N/A       4%          5
h - Yara's Violent Unrav  Hex/Tmut       34%        3d14      4%          5
i - Stone Arrow           Conj/Erth      100%       3d13      1%          3
j - Sublimation of Blood  Necr           62%        N/A       1%          2
k - Irradiate             Conj/Tmut      31%        3d22      8%          5

Your spell library contained the following spells:

 Spells                   Type           Power      Damage    Failure   Level
 Shock                    Conj/Air       100%       1d9       1%          1
 Apportation              Tloc           38%        N/A       4%          1
 Static Discharge         Conj/Air       88%        2-6/arc   1%          2
 Inner Flame              Hex/Fire       53%        N/A       1%          3
 Ozocubu's Armour         Ice            58%        N/A       1%          3
 Animate Armour           Summ/Erth      100%       N/A       6%          4
 Petrify                  Tmut/Erth      53%        N/A       6%          4
 Lesser Beckoning         Tloc           38%        N/A       8%          2
 Summon Lightning Spire   Summ/Air       44%        N/A       12%         4
 Swiftness                Air            19%        N/A       14%         3
 Alistair's Intoxication  Tmut/Pois      29%        N/A       32%         5
 Summon Forest            Summ/Tloc      22%        N/A       32%         5
 Airstrike                Air            9%         2d(2-18)  43%         4
 Passage of Golubria      Tloc           19%        N/A       43%         4
 Simulacrum               Ice/Necr       30%        N/A       45%         6
 Enfeeble                 Hex            37%        N/A       56%         7
 Monstrous Menagerie      Summ           31%        N/A       93%         7
 Ozocubu's Refrigeration  Ice            29%        4d13      98%         7
 Malign Gateway           Summ/Tloc      22%        N/A       100%        7
 Lehudib's Crystal Spear  Conj/Erth      26%        10d7      100%        8
 Polar Vortex             Ice            29%        N/A       100%        9


Dungeon Overview and Level Annotations

Branches:
Dungeon (15/15)            Temple (1/1) D:6            Lair (5/5) D:9
 Shoals (2/4) Lair:3        Snake (0/4) Lair:2        Slime (0/5) Lair:5
    Orc (2/2) D:9             Elf (0/3) Orc:2        Vaults (0/5) D:14
 Depths (0/4) D:15         Bailey (visited)           IceCv (visited)
Gauntlet (visited)

Shops:
D:1 [   D:2 !?[   D:10 (   D:13 :   Orc:2 **(=*[

Portals:
Abyss: Lair:5

Annotations:
Shoals:1 2 runed translucent doors, bmack86's ghost, adept MiFi
Shoals:2 1 exclusion


Innate Abilities, Weirdness & Mutations

You have an increased reservoir of magic. (+10% MP)
You shall have no god before yourself.
Your divine heritage dramatically boosts your attributes as you level up.


Message History

The water elemental attacks as you move away!
You block the water elemental's attack. x2
The water elemental closely misses you.
The water elemental attacks as you move away!
You block the water elemental's attack. x2
The water elemental attacks as you move away!
You block the water elemental's attack. x2; The water elemental hits you!
The water elemental engulfs you in water!
You slip free of the water engulfing you.
You gasp with relief as air once again reaches your lungs.
You block the water elemental's attack.
The water elemental attacks as you move away!
The water elemental hits you.
The water elemental attacks as you move away!
You block the water elemental's attack.
The water elemental attacks as you move away!
You block the water elemental's attack. The water elemental barely misses you.
The water elemental attacks as you move away!
The water elemental hits you!
The water elemental disappears in a puff of smoke!
You block the water elemental's attack.
Okay, then.
You feel magically purged.
You feel less contaminated with magical energies.
You block the water elemental's attack. The water elemental hits you.
The water elemental attacks as you move away!
The water elemental closely misses you.
The water elemental attacks as you move away!
You block the water elemental's attack.
As you read the scroll of teleportation, it crumbles to dust.
You feel strangely unstable. The water elemental hits you.
The water elemental engulfs you in water!
You block the water elemental's attack.
A torrent of water rises up through the elemental wellspring!
The torrent of water passes through the water elemental.
The torrent of water hits you!!!
* * * LOW HITPOINT WARNING * * *
You are knocked back by the torrent of water.
You slam into the rock wall!
You die...

.~~~..~~~~~~~~.#####~.~~###
~......~~~~~~~.###~~~.~.##
...###.~~~~~~~##~~~~≈E≈.~# #..#
##.~~~~~~#.~~≈≈~~≈≈~# ...#
##.~~~~~~#~~≈≈~##~≈~#
.(.###.~~~~~~.##~≈~~#~≈≈~#
...†..~~~~~~~.#~~≈~##~≈~##
~.~~~~~~~~~~..##EE~##~≈≈~# #
~~~~~~~~~~~~..##@≈.~##~≈~# ##
~~~~~~~≈~~~....#~~≈~##~E~## ~#
≈≈≈≈≈≈≈≈~~~~.....~≈~~#~≈≈~## ≈~
≈≈≈≈≈≈≈≈≈~~~.....~≈~~##~≈≈~## ≈≈
≈≈≈≈≈≈≈≈≈~~~.P...~~≈.###~≈≈~# E≈
≈≈≈≈≈≈≈≈≈~~~...####≈#####~≈~###~≈
≈≈≈≈≈≈≈≈≈~~...P##≈≈≈≈≈##.~≈~##E≈~
≈≈≈≈≈≈≈≈≈~~P..PP#≈≈≈≈≈≈#~~≈~~~~≈~
≈≈≈≈≈≈≈≈≈≈~~P~P..≈≈≈≈≈≈##~≈~~~≈≈~


You could see an elemental wellspring and 2 water elementals.

Vanquished Creatures
  Gastronok (Orc:1)
  Agnes (D:14)
  A fire giant (D:15)
  An elemental wellspring (Shoals:2)
  A merfolk javelineer (Shoals:1)
  5 vault guards (D:14)
  A hell beast (Gauntlet)
  A catoblepas (Lair:3)
  5 hydras
  3 boulder beetles
  2 centaur warriors
  3 orc high priests (Orc:2)
  2 death yaks (Lair:3)
  A soul eater (Abyss:3)
  4 thrashing horrors
  2 skysharks
  A fire crab (shapeshifter) (D:14)
  2 sea snakes
  2 bog bodies (IceCv)
  A harpy (Shoals:1)
  A harpy (shapeshifter) (Lair:5)
  2 large abominations (Lair:5)
  A lindwurm (Lair:3)
  2 orc knights (Orc:2)
  12 ugly things
  7 manticores
  5 cyclopes
  A worldbinder (Abyss:3)
  8 elephants
  A black mamba (Lair:5)
  A faun (Shoals:2)
  2 slime creatures (D:15)
  3 merfolk sirens (Shoals:1)
  A guardian serpent (shapeshifter) (D:15)
  An ice statue (IceCv)
  A water nymph (Shoals:1)
  4 torpor snails
  13 cane toads
  A gargoyle (Bailey)
  4 rime drakes
  7 komodo dragons
  2 ice devils
  2 ancient zymes (Lair:5)
  An anaconda simulacrum (IceCv)
  A queen bee (D:13)
  5 trolls
  4 meliai
  2 wind drakes (Shoals:1)
  A hornet (D:9)
  2 polar bears
  16 blink frogs
  Grinder (D:4)
  4 merfolk
  A snapping turtle (Shoals:2)
  A spriggan (Lair:5)
  35 yaks
  4 wyverns
  A dire elephant simulacrum (IceCv)
  2 nameless horrors (Lair:5)
  5 water elementals
  3 wraiths
  2 fire bats (Abyss:3)
  5 basilisks
  A chaos spawn (Lair:5)
  A death yak simulacrum (IceCv)
  A steam dragon (D:7)
  2 vampire mosquitoes (D:13)
  A warg (Orc:1)
  A harpy simulacrum (IceCv)
  5 small abominations (Lair:5)
  17 water moccasins
  3 hydra simulacra (IceCv)
  14 orc warriors
  A sky beast (D:7)
  2 ice beasts (D:6)
  13 wolves
  5 centaurs
  4 ogres
  2 kobold brigands
  5 gnoll sergeants (D:10)
  10 bullfrogs
  5 two-headed ogre simulacra (IceCv)
  6 scorpions
  2 cane toad simulacra (IceCv)
  A wight (D:7)
  3 jellies
  10 killer bees (D:13)
  4 elephant simulacra (IceCv)
  12 electric eels
  7 vampire bats (Bailey)
  5 wolf zombies (Bailey)
  2 howler monkeys
  12 orc priests
  2 gnoll boudas (D:10)
  10 hounds
  A starcursed mass (Abyss:3)
  Natasha (thrice) (D:4)
  6 iguanas
  2 sleepcaps
  12 orc wizards
  2 polar bear simulacra (IceCv)
  5 spriggan simulacra (IceCv)
  3 troll simulacra (IceCv)
  A wolf simulacrum (IceCv)
  36 gnolls (D:10)
  8 adders
  6 naga simulacra (IceCv)
  2 shadow imps
  9 white imps
  8 ufetubi
  3 dart slugs
  53 orcs
  5 ball pythons
  12 endoplasms
  A giant cockroach (D:1)
  13 goblins
  6 hobgoblins
  19 jackals
  2 quokkas
  5 bats
  3 frilled lizards
  8 kobolds
  9 orc zombies (Bailey)
  3 rats
633 creatures vanquished.

Vanquished Creatures (collateral kills)
  Louise (D:14)
  A minotaur (Gauntlet)
  An entropy weaver (shapeshifter) (D:14)
  An ettin (Orc:1)
  3 vault guards (D:14)
  A hydra (Lair:5)
  An ogre mage (D:15)
  A catoblepas (Lair:5)
  A centaur warrior (D:15)
  A boulder beetle (D:14)
  2 merfolk avatars (Shoals:2)
  8 two-headed ogres
  2 tengu warriors
  A death yak (Lair:5)
  3 orc high priests (Orc:2)
  A thrashing horror (Lair:5)
  A sixfirhy (Abyss:3)
  2 sea snakes (Shoals:1)
  6 orc knights (Orc:2)
  A harpy (shapeshifter) (Lair:5)
  6 harpies (Shoals:1)
  7 ugly things
  4 cyclopes
  3 manticores (Shoals:1)
  2 merfolk sirens (Shoals:2)
  4 elephants
  A smoke demon (Lair:5)
  A black mamba (Lair:1)
  An orange demon (Abyss:3)
  A gargoyle (D:12)
  2 cane toads (Lair:5)
  2 komodo dragons
  2 tengu conjurers
  An ice devil (Lair:3)
  A troll (shapeshifter) (Lair:5)
  A merfolk (Shoals:1)
  A troll (Orc:1)
  2 meliai (D:13)
  A polar bear (Lair:5)
  2 wind drakes
  10 blink frogs
  A snapping turtle (Shoals:1)
  2 dream sheep (Shoals:2)
  3 large abominations
  2 slime creatures (D:15)
  3 wraiths
  A spriggan (Lair:5)
  A ynoxinul (Lair:5)
  3 water elementals
  A vampire (Bailey)
  4 yaks (D:11)
  3 wyverns (Lair:5)
  4 basilisks
  A fire bat (Abyss:3)
  A shadow (D:13)
  A chaos spawn (Lair:5)
  A neqoxec (Abyss:4)
  4 vampire mosquitoes (D:13)
  3 wargs
  A water moccasin (Lair:4)
  24 orc warriors
  An ogre (Orc:2)
  2 wolves (Lair:5)
  4 centaurs
  5 small abominations
  A gnoll sergeant (D:10)
  3 wights (D:7)
  A water moccasin skeleton (D:3)
  6 killer bees (D:13)
  3 electric eels
  The ghost of fleet the Insei, a weakling OpTm (D:3)
  A howler monkey (D:12)
  2 jellies
  21 orc priests
  A starcursed mass (Abyss:3)
  A centaur skeleton (D:3)
  4 orc wizards
  A polar bear simulacrum (IceCv)
  A killer bee zombie (D:3)
  2 howler monkey zombies (D:3)
  3 gnolls (D:10)
  30 orcs
  11 orc zombies (Bailey)
263 creatures vanquished.

Vanquished Creatures (others)
  A wizard (Gauntlet)
  An ugly thing (Abyss:4)
  14 dancing weapons
  A shadow imp (Gauntlet)
  A starspawn tentacle (Abyss:3)
18 creatures vanquished.

Grand Total: 914 creatures vanquished

Notes
Turn   | Place    | Note
-------+----------+-------------------------------------------
     0 | D:1      | wingedge the Demigod Wanderer began the quest for the Orb.
     0 | D:1      | wingedge set off with the following items: a +2 sling, a +0
                  | ring mail, a potion of lignification; and the following
                  | spell memorised: Necrotise; and the following spells
                  | available to memorise: Vampiric Draining.
     0 | D:1      | Reached XP level 1. HP: 14/14 MP: 5/5
   173 | D:1      | Found Wiuddamn's Armour Emporium.
   239 | D:1      | Reached XP level 2. HP: 20/20 MP: 7/7
   567 | D:1      | Reached skill level 1 in Fighting
   805 | D:2      | Reached XP level 3. HP: 28/28 MP: 4/8
   852 | D:2      | Learned a level 3 spell: Vampiric Draining
  1022 | D:2      | Found Tiroit's Magic Scroll Shoppe.
  1033 | D:2      | Bought a scroll of noise for 13 gold pieces
  1118 | D:2      | Found Bymaff's Armour Emporium.
  1252 | D:2      | Found Zoucaifo's Distillery.
  1262 | D:2      | Bought a potion of degeneration for 13 gold pieces
  1262 | D:2      | Bought a potion of heal wounds for 65 gold pieces
  2102 | D:3      | Reached XP level 4. HP: 35/35 MP: 5/9
  2200 | D:3      | Reached XP level 5. HP: 40/40 MP: 2/12
  2520 | D:3      | Found a runed translucent gate.
  2521 | D:3      | Found a runed translucent gate.
  2522 | D:3      | Found a runed translucent gate.
  2524 | D:3      | Noticed fleet's ghost (weakling OpTm)
  3299 | D:4      | Noticed Natasha
  3399 | D:4      | Reached XP level 6. HP: 44/47 MP: 5/15
  4051 | D:4      | Killed Natasha
  4052 | D:4      | Reached skill level 5 in Necromancy
  4153 | D:4      | Noticed Natasha
  4158 | D:4      | Killed Natasha
  4271 | D:4      | Reached skill level 1 in Stealth
  4393 | D:4      | Noticed Natasha
  4400 | D:4      | Killed Natasha
  4637 | D:4      | Noticed Grinder
  4649 | D:4      | Killed Grinder
  4650 | D:4      | Reached skill level 5 in Spellcasting
  4650 | D:4      | Reached XP level 7. HP: 30/52 MP: 15/17
  4737 | D:5      | Entered Level 5 of the Dungeon
  5132 | D:5      | Reached skill level 2 in Fighting
  5622 | D:5      | Reached skill level 1 in Hexes
  6026 | D:5      | Learned a level 3 spell: Tukima's Dance
  6052 | D:5      | Reached XP level 8. HP: 54/61 MP: 2/19
  7048 | D:6      | Reached skill level 3 in Fighting
  7180 | D:6      | Reached skill level 5 in Hexes
  7253 | D:6      | Found a staircase to the Ecumenical Temple.
  7262 | Temple   | Entered the Ecumenical Temple
  8090 | D:6      | Reached skill level 4 in Fighting
  8090 | D:6      | Reached XP level 9. HP: 60/71 MP: 0/21
  8316 | D:7      | Reached skill level 5 in Fighting
  8495 | D:7      | Found a flagged portal.
  8506 | Bailey   | Entered a bailey
  9589 | Bailey   | Noticed a gargoyle
  9602 | Bailey   | Killed a gargoyle
  9603 | Bailey   | Reached skill level 6 in Fighting
 10099 | D:7      | Reached skill level 1 in Evocations
 10863 | D:7      | Reached skill level 7 in Fighting
 10863 | D:7      | Reached skill level 1 in Axes
 10863 | D:7      | Reached XP level 10. HP: 66/86 MP: 3/24
 11420 | D:8      | You fall into a shaft and drop 3 floors!
 11528 | D:11     | Noticed a two-headed ogre
 11539 | D:11     | Killed a two-headed ogre
 11540 | D:11     | Reached skill level 1 in Dodging
 11715 | D:10     | Entered Level 10 of the Dungeon
 12994 | D:9      | Found a staircase to the Orcish Mines.
 13113 | D:9      | Found a staircase to the Lair.
 13423 | D:9      | Found the +18 Lear's hauberk
 13780 | D:10     | Reached skill level 8 in Fighting
 14476 | D:9      | Reached skill level 1 in Polearms
 14482 | D:9      | Reached skill level 1 in Shields
 14582 | D:10     | Reached XP level 11. HP: 80/94 MP: 22/26
 15126 | D:10     | Found Eriaruf's Weapon Shop.
 15316 | Lair:1   | Entered Level 1 of the Lair of Beasts
 15576 | Lair:1   | Reached skill level 5 in Armour
 16357 | Lair:2   | Found a staircase to the Snake Pit.
 16700 | Lair:2   | Reached skill level 9 in Fighting
 17167 | Lair:2   | Noticed a six-headed hydra
 17201 | Lair:2   | Killed a six-headed hydra
 17635 | Lair:2   | Reached skill level 10 in Fighting
 17865 | Lair:3   | Found a frozen archway.
 18087 | IceCv    | Entered an ice cave
 19292 | IceCv    | Reached XP level 12. HP: 56/106 MP: 28/28
 20116 | IceCv    | Reached skill level 1 in Maces & Flails
 20126 | IceCv    | Reached skill level 5 in Shields
 20577 | Lair:3   | Found a staircase to the Shoals.
 21563 | Lair:3   | Reached skill level 5 in Maces & Flails
 21831 | D:2      | Bought a potion of heal wounds for 65 gold pieces
 22027 | D:2      | Bought a scroll of enchant weapon for 97 gold pieces
 22172 | D:1      | Bought a +2 pair of gloves of infusion for 279 gold pieces
 22325 | Lair:3   | Noticed a catoblepas
 22397 | Lair:3   | Killed a catoblepas
 22542 | Lair:3   | Noticed a four-headed hydra
 22562 | Lair:2   | Killed a four-headed hydra
 22709 | Lair:3   | Learned a level 1 spell: Slow
 22713 | Lair:3   | Learned a level 3 spell: Confusing Touch
 23345 | Lair:3   | Noticed a boulder beetle
 23364 | Lair:3   | Killed a boulder beetle
 23504 | Lair:3   | Noticed an eight-headed hydra
 23504 | Lair:3   | Noticed a boulder beetle
 23809 | Lair:3   | Killed an eight-headed hydra
 23880 | Lair:3   | Killed a boulder beetle
 24243 | Lair:4   | Reached XP level 13. HP: 104/114 MP: 5/29
 24779 | Lair:4   | Reached skill level 11 in Fighting
 24911 | Lair:4   | Reached skill level 1 in Summonings
 24911 | Lair:4   | Reached skill level 1 in Ice Magic
 25800 | Lair:5   | Entered Level 5 of the Lair of Beasts
 25930 | Lair:5   | Found a gate leading to a gauntlet.
 26045 | Gauntlet | Entered a Gauntlet
 26045 | Gauntlet | Found a transporter.
 26045 | Gauntlet | Found a transporter.
 26045 | Gauntlet | Found a transporter.
 26051 | Gauntlet | Found a transporter.
 26055 | Gauntlet | Found a transporter.
 26057 | Gauntlet | Found a transporter.
 26067 | Gauntlet | Found a transporter.
 26068 | Gauntlet | Found a transporter.
 26068 | Gauntlet | Found a transporter.
 26070 | Gauntlet | Found a transporter.
 26083 | Gauntlet | Found a transporter.
 26083 | Gauntlet | Found a transporter.
 26219 | Gauntlet | Learned a level 4 spell: Summon Ice Beast
 26225 | Gauntlet | Learned a level 5 spell: Summon Mana Viper
 26545 | Gauntlet | Identified the +3 pair of boots "Jimnafo" {rC+}
 26587 | Gauntlet | Identified the +8 trident of Zin's Benevolence {venom,
                  | Str+2}
 26587 | Gauntlet | Noticed a minotaur
 26599 | Gauntlet | Killed a minotaur
 26742 | Gauntlet | Got Sif Muna's Collected Works on the Traveller
 27482 | Lair:5   | Reached skill level 5 in Ice Magic
 27601 | Lair:5   | Reached skill level 5 in Summonings
 28077 | Lair:5   | Reached skill level 1 in Transmutations
 28758 | Lair:5   | Found a one-way gate to the infinite horrors of the Abyss.
 29022 | Lair:5   | Learned a level 5 spell: Yara's Violent Unravelling
 29092 | Lair:5   | Identified the +1 robe "Negul" {rC+}
 29110 | Lair:5   | Found a staircase to the Slime Pits.
 29127 | Lair:5   | Reached XP level 14. HP: 108/124 MP: 22/30
 30116 | D:3      | Killed fleet's ghost
 31497 | Orc:1    | Entered Level 1 of the Orcish Mines
 31861 | Orc:1    | Noticed Gastronok
 31870 | Orc:1    | Killed Gastronok
 31871 | Orc:1    | Reached skill level 5 in Transmutations
 32365 | Orc:2    | Entered Level 2 of the Orcish Mines
 32742 | Orc:2    | Found Aoizi's Alliterative Accessories.
 33013 | Orc:2    | Bought a book of Armaments for 432 gold pieces
 33017 | Orc:2    | Learned a level 3 spell: Stone Arrow
 33161 | Orc:2    | Found Eciadd's General Store.
 33176 | Orc:2    | Found a staircase to the Elven Halls.
 34388 | Orc:2    | Reached skill level 1 in Conjurations
 34388 | Orc:2    | Reached skill level 1 in Earth Magic
 34921 | Orc:2    | Found Anag's Weapon Shop.
 34924 | Orc:2    | Found Fepoblid's Armour Shop.
 34925 | Orc:2    | Found Isuihiri's Jewellery Shop.
 34926 | Orc:2    | Found Samugruem's General Store.
 35001 | Orc:2    | Bought a book of Alchemy for 336 gold pieces
 38238 | D:13     | Found Loetaenu's Tiny Tomes.
 38245 | D:13     | Learned a level 2 spell: Sublimation of Blood
 38897 | D:14     | Noticed Louise
 38899 | Abyss:3  | Cast into level 3 of the Abyss (Louise)
 38980 | Abyss:3  | Noticed an angel
 39103 | Abyss:3  | Noticed a hellephant
 39161 | Abyss:3  | Paralysed by accursed screaming for 1 turns
 39169 | Abyss:3  | Paralysed by accursed screaming for 1 turns
 39255 | Abyss:3  | Noticed a tentacled starspawn
 39264 | Abyss:3  | Noticed a cacodemon
 39393 | Abyss:3  | Reached XP level 15. HP: 58/129 MP: 11/32
 39394 | Abyss:3  | Noticed a bone dragon
 39557 | Abyss:4  | Noticed a bone dragon
 39570 | D:14     | Escaped the Abyss
 39763 | D:14     | Killed Louise
 39913 | D:14     | Noticed Agnes
 39922 | D:14     | Killed Agnes
 40952 | D:14     | Found a gate to the Vaults.
 40989 | D:14     | Reached skill level 10 in Hexes
 41473 | D:14     | Reached skill level 5 in Conjurations
 41572 | D:15     | Entered Level 15 of the Dungeon
 41592 | D:15     | Found a staircase to the Depths.
 41593 | D:15     | Noticed a fire giant
 41611 | D:15     | Killed a fire giant
 42650 | D:15     | Reached skill level 10 in Spellcasting
 43380 | D:2      | Bought a potion of brilliance for 52 gold pieces
 43380 | D:2      | Bought a potion of cancellation for 104 gold pieces
 43529 | Orc:2    | Bought a potion of invisibility for 112 gold pieces
 43529 | Orc:2    | Bought 2 potions of heal wounds for 140 gold pieces
 43658 | D:13     | Bought the Encyclopedia of the Crevasse for 104 gold pieces
 43815 | Shoals:1 | Entered Level 1 of the Shoals
 45695 | Shoals:1 | Found a large runed translucent door.
 45695 | Shoals:1 | Found a large runed translucent door.
 45696 | Shoals:1 | Noticed bmack86's ghost (adept MiFi)
 46740 | Shoals:2 | Learned a level 5 spell: Irradiate
 47184 | Shoals:2 | Reached XP level 16. HP: 134/137 MP: 25/35
 47793 | Shoals:2 | Collided with a rock wall

Illustrated notes

Levels and vault maps discovered:
D:1:      denvon_arrival_planthouse, layout_rooms,
          dilly_ecumenical_altar_fadedgnrine, serial_shops, shop_fountains
D:2:      layout_basic, serial_shops, shop, nicolae_shop_tiny_statue_garden,
          nicolae_shop_peninsula
D:3:      layout_rooms, gammafunk_ghost_necromancy
D:4:      minmay_recursive_quarters, layout_basic, uniq_grinder, uniq_natasha
D:5:      layout_loops_ring
D:6:      layout_basic, minmay_temple_entry_junction
D:7:      layout_basic, lemuel_tele_altar, enter_bailey_5
D:8:      layout_gridville, nicolae_overflow_hallway_of_the_gods,
          kb_lookout_dungeons_type
D:9:      layout_cross, mainiacjoe_overflow_alcove_2, erik_lair_island,
          orc_0_dummy
D:10:     layout_cave_pools, serial_shops, shop, serial_gnoll_camp,
          gnoll_camp_mini_sergeant, gnoll_camp_huts_moat,
          gnoll_camp_mini_doghouse, gnoll_camp_mini_basic, gnoll_camp_medium_02,
          gnoll_camp_mini_doghouse, dk_noncrumbling_4
D:11:     layout_long_grid, eat_drink_and_be_merry_uskayaw
D:12:     layout_basic, chequers_serial_rivers_small_3
D:13:     layout_long_grid, special_room [special_room_bee],
          nicolae_shop_i_like_small_books_too
D:14:     layout_basic, erik_vaults_2, nicolae_ru_sacrificial_ziggurat,
          uniq_louise, uniq_agnes
D:15:     grunt_enter_depths_giant_problem, layout_long_grid, okawaru_trees_1,
          hangedman_decor_slide_cut
Temple:   hellmonk_temple_of_storms
Lair:1:   layout_misc_corridors
Lair:2:   layout_chaotic_city, dummy_snake_entry, lemuel_fruit_fields
Lair:3:   nzn_winding_woodlands_stair_cross [nzn_winding_woodlands_5x15_twine,
          nzn_winding_woodlands_center_lodge,
          nzn_winding_woodlands_5x15_longhouse, nzn_winding_woodlands_5x5_three,
          nzn_winding_woodlands_5x5_checkerboard,
          nzn_winding_woodlands_5x15_zeroes,
          nzn_winding_woodlands_center_triple_pond,
          nzn_winding_woodlands_5x15_cabin], layout_regular_city,
          shoals_dummy_entry, portal_ice_cave_demonic_guard,
          infiniplex_staircase_pool
Lair:4:   layout_concentric_octagons
Lair:5:   hellmonk_lair_end_abyssal_woods, layout_small_grid,
          nicolae_slime_entry_slimehenge, gauntlet_entry_generic
Shoals:1: layout_shoals, ebering_ghost_disaster_area
Shoals:2: layout_shoals, nicolae_shoals_raging_river
Orc:1:    layout_caves, uniq_gastronok
Orc:2:    st_orc_pillars, layout_caves, serial_shops, shop,
          nicolae_alphabet_shops

Skill      XL: |  1  2  3  4  5  6  7  8  9 10 11 12 13 14 15 |
---------------+----------------------------------------------+-----
Necromancy     | 2 3 4 5 6 7 |  7.0
Fighting       | 1 2 4 7 8 10 11 | 11.0
Spellcasting   | 3 4 5 6 7 8 10 | 10.7
Stealth        | 1 2 3 4 |  4.0
Armour         | 2 3 4 5 |  5.0
Hexes          | 2 5 6 7 9 10 | 10.0
Evocations     | 1 3 |  3.0
Axes           | 1 4 |  4.0
Dodging        | 2 4 |  4.1
Polearms       | 1 3 |  3.0
Shields        | 1 4 7 |  7.0
Maces & Flails | 6 8 |  8.9
Summonings     | 6 7 |  7.0
Ice Magic      | 6 |  6.0
Transmutations | 3 6 7 |  7.0
Conjurations   | 3 7 |  7.0
Earth Magic    | 3 |  3.0
Ranged Weapons | |  3.6

Action                     |  1- 3 |  4- 6 |  7- 9 | 10-12 | 13-15 | 16-18 || total
---------------------------+-------+-------+-------+-------+-------+-------++-------
  Melee: Short sword       |       |    13 |     2 |       |       |       ||    15
         Dagger            |       |       |   204 |     2 |     1 |       ||   207
         Punch             |       |       |     5 |     1 |       |       ||     6
         War axe           |       |       |    73 |    92 |       |       ||   165
         Trident           |       |       |       |   609 |     5 |       ||   614
         Eveningstar       |       |       |       |   194 |   889 |     5 ||  1088
         Staff             |       |       |       |       |     3 |       ||     3
   Fire: Sling             |    30 |    29 |    31 |     1 |       |       ||    91
  Throw: Throwing net      |       |     1 |       |       |       |       ||     1
         Dart              |       |       |       |     8 |       |       ||     8
   Cast: Necrotise         |    34 |    55 |    40 |    54 |       |       ||   183
         Vampiric Draining |       |    42 |   110 |   222 |    47 |       ||   421
         Tukima's Dance    |       |       |    43 |    35 |    73 |       ||   151
         Slow              |       |       |       |     1 |    16 |       ||    17
         Confusing Touch   |       |       |       |     1 |    14 |       ||    15
         Summon Ice Beast  |       |       |       |       |   112 |     1 ||   113
         Summon Mana Viper |       |       |       |       |   132 |     1 ||   133
         Stone Arrow       |       |       |       |       |   114 |       ||   114
         Yara's Violent Un |       |       |       |       |    22 |     1 ||    23
         Sublimation of Bl |       |       |       |       |     5 |       ||     5
         Irradiate         |       |       |       |       |       |     2 ||     2
  Evoke: Wand              |       |     9 |     3 |     1 |     6 |       ||    19
         Phial of floods   |       |       |     1 |       |       |       ||     1
         Phantom mirror    |       |       |       |     3 |     1 |       ||     4
         Box of beasts     |       |       |       |     3 |     3 |       ||     6
         Tin of tremorston |       |       |       |       |     1 |       ||     1
    Use: Scroll            |     8 |     2 |     8 |    12 |    15 |     2 ||    47
         Potion            |     1 |     1 |     3 |     9 |    14 |     1 ||    29
   Stab: Sleeping          |       |       |     1 |     4 |     4 |       ||     9
         Distracted        |       |       |     1 |     7 |     8 |       ||    16
         Confused          |       |       |       |       |     8 |       ||     8
         Paralysed         |       |       |       |       |     1 |       ||     1
 Armour: Ring mail         |     5 |       |    28 |   330 |    68 |       ||   431
         Robe              |     3 |    16 |       |       |   324 |     7 ||   350
         Leather armour    |       |       |   276 |    93 |       |       ||   369
  Dodge: Dodged            |     9 |    42 |   282 |   462 |   482 |     8 ||  1285
  Block: Other             |       |       |   111 |    81 |       |       ||   192
         Buckler           |       |       |       |   251 |       |       ||   251
         Reflection        |       |       |       |     8 |    23 |     4 ||    35
         Kite shield       |       |       |       |   362 |  1112 |    39 ||  1513
